 Dungeon Crawl Stone Soup version 0.17.0-7-gfadd4cc (webtiles) character file.

228 Helmschank the Ruffian (level 5, -13/40 HPs)
             Began as a Draconian Transmuter on Nov 9, 2015.
             Was an Initiate of Kikubaaqudgha.
             Killed from afar by a water moccasin (28 damage)
             ... with an exploding inner flame
             ... hexed by the player character
             ... on level 4 of the Dungeon.
             The game lasted 00:25:33 (4018 turns).

Helmschank the Ruffian (Draconian Transmuter)       Turns: 4018, Time: 00:25:34

Health: -13/40     AC:  2    Str: 13    XL:     5   Next: 71%
Magic:  6/8        EV: 25    Int: 18    God:    Kikubaaqudgha [......]
Gold:   201        SH:  0    Dex: 22    Spells: 3 memorised, 2 levels left

rFire  . . .     SeeInvis .       - Unarmed
rCold  . . .     Clarity  .     (armour unavailable)
rNeg   . . .     SustAt   .     (shield currently unavailable)
rPois  x         Gourm    .     (helmet currently unavailable)
rElec  .         Spirit   .     (cloak currently unavailable)
rCorr  .         Warding  .     (gloves currently unavailable)
rMut   .         Stasis   .     (boots currently unavailable)
MR     .....                    (no amulet)
Stlth  +++.......               (no ring)
                                (no ring)

@: brilliant, agile, spider-form, not resistant to hostile enchantments, fairly
stealthy
A: unfitting armour, (cold-blooded), AC +5
a: End Transformation, Renounce Religion


You were on level 4 of the Dungeon.
You worshipped Kikubaaqudgha.
Kikubaaqudgha was noncommittal.
You were not hungry.
You were a venomous arachnid creature.
You visited 1 branch of the dungeon, and saw 4 of its levels.

You collected 201 gold pieces.

Inventory:

Hand Weapons
 e - a +1 blowgun
Missiles
 a - 67 arrows
 d - 95 stones
 i - 11 arrows of frost
 t - 12 poisoned needles
 D - 5 tomahawks (quivered)
Wands
 v - a wand of fireball (7)
 w - a wand of frost (28)
Scrolls
 f - 2 scrolls of identify
 h - 2 scrolls of enchant weapon
 l - a scroll of immolation
Potions
 j - 3 potions of curing
 m - 2 potions of agility
 n - a potion of berserk rage {unknown}
 o - a potion of haste {unknown}
 q - a potion of cure mutation {unknown}
 r - 3 potions of poison
 s - a potion of brilliance
 u - 2 potions of heal wounds
Books
 b - a book of Changes

   Spells                             Type                      Level
   a - Beastly Appendage              Transmutation                1
   b - Sticks to Snakes               Transmutation                2
   c - Spider Form                    Transmutation/Poison         3
   d - Ice Form                       Ice/Transmutation            4
   e - Blade Hands                    Transmutation                5
Comestibles
 c - 2 bread rations
 g - 10 fruits
 k - 4 meat rations


   Skills:
 - Level 1.1 Fighting
 - Level 1.7 Dodging
 * Level 5.7 Unarmed Combat
 - Level 2.0 Spellcasting
 + Level 2.8 Transmutations
 + Level 1.7 Poison Magic


You had 2 spell levels left.
You knew the following spells:

 Your Spells              Type           Power        Failure   Level  Hunger
a - Spider Form           Trmt/Pois      ###.......   6%          3    ###....
c - Sticks to Snakes      Trmt           ###.......   3%          2    ###....
z - Beastly Appendage     Trmt           ###...       2%          1    #......


Dungeon Overview and Level Annotations

Branches:
Dungeon (4/15)
 Temple: D:4-7

Altars:
Ashenzari
Dithmenos
Fedhas
Kikubaaqudgha

Annotations:
D:3 trice1212's ghost, amateur HESk
D:4 crawdingle's ghost, novice SpAr


Innate Abilities, Weirdness & Mutations

((Your plain brown scales are hard (AC +5).))
Your body does not fit into most forms of armour.
((You are cold-blooded and may be slowed by cold attacks.))


Message History

* * * LOW HITPOINT WARNING * * *
You hit the water moccasin but do no damage.
The water moccasin is poisoned.
The water moccasin is moderately wounded.
The water moccasin bites you.
* * * LOW HITPOINT WARNING * * *
The water moccasin closely misses you.
You hit the water moccasin.
The water moccasin is heavily wounded.
The water moccasin misses you.
You bite the water moccasin!
The water moccasin is almost dead.
The water moccasin barely misses you.
You completely miss the water moccasin.
The water moccasin is almost dead.
The water moccasin explodes!
The fiery explosion engulfs you!
Ouch! That really hurt!
You die...
Kikubaaqudgha rasps: "You have failed me!
Welcome... death!"

#.#.# ##### ## #.#.###..| .#
###.#...#.########.#
.................#.#
##..#...#.###..#...####
#...#...#......#......#
...####.#..###.#..###.#
#........<.....#....#.#
......#######..#s...#.#
.[............§§§...>.#
....#.#######.#§......#
###.#.#######.#....#..#
..#.#.....#...........###
#.#.#..#.##......#......# #####
#.#.##.#.##......##..##.#####....
#.#.##.#.####.#......##.......##.
#.#.##.#.# #.##.###############.


There were no monsters in sight!

Vanquished Creatures
  A hound (D:4)
  An orc priest (D:3)
  Jessica (D:3)
  An orc wizard (D:3)
  2 adders
  An ooze (D:2)
  An adder skeleton (D:4)
  A worm (D:2)
  2 orcs (D:3)
  2 bats
  6 hobgoblins
  A ball python (D:4)
  6 giant cockroaches
  2 giant geckos
  A giant newt (D:2)
  11 goblins
  4 jackals (D:2)
  7 kobolds
  3 quokkas
  9 rats
63 creatures vanquished.

Vanquished Creatures (others)
  An orc wizard (D:3)
1 creature vanquished.

Grand Total: 64 creatures vanquished

Notes
Turn   | Place    | Note
--------------------------------------------------------------
     0 | D:1      | Helmschank the Draconian Transmuter began the quest for the Orb.
     0 | D:1      | Reached XP level 1. HP: 16/16 MP: 3/3
   384 | D:1      | Reached XP level 2. HP: 23/23 MP: 5/5
   756 | D:2      | Reached skill level 4 in Unarmed Combat
   760 | D:2      | Reached XP level 3. HP: 23/28 MP: 6/6
  1760 | D:2      | Learned a level 3 spell: Spider Form
  1763 | D:2      | Learned a level 2 spell: Sticks to Snakes
  2100 | D:3      | Reached XP level 4. HP: 32/35 MP: 7/7
  2394 | D:3      | Noticed Jessica
  2401 | D:3      | Killed Jessica
  2401 | D:3      | Reached skill level 5 in Unarmed Combat
  2401 | D:3      | Reached skill level 1 in Poison Magic
  2585 | D:3      | Reached XP level 5. HP: 30/40 MP: 8/8
  2898 | D:3      | Noticed trice1212's ghost (amateur HESk)
  3146 | D:4      | Noticed crawdingle's ghost (novice SpAr)
  3489 | D:4      | Found an ancient bone altar of Kikubaaqudgha.
  3496 | D:4      | Found a shadowy altar of Dithmenos.
  3499 | D:4      | Found a shattered altar of Ashenzari.
  3508 | D:4      | Became a worshipper of Kikubaaqudgha
  3648 | D:4      | Found a blossoming altar of Fedhas.
  3982 | D:4      | Noticed a water moccasin
  4018 | D:4      | Killed a water moccasin
  4018 | D:4      | Killed from afar by a water moccasin

Action                   |  1- 3 |  4- 6 || total
-------------------------+-------+-------++-------
Melee: Unarmed           |   156 |   139 ||   295
Throw: Stone             |     6 |       ||     6
 Cast: Beastly Appendage |     1 |     7 ||     8
       Spider Form       |       |     1 ||     1
  Use: Potion            |     2 |     5 ||     7
       Scroll            |       |    11 ||    11
 Stab: Sleeping          |     2 |     1 ||     3
  Eat: Chunk             |     4 |     4 ||     8
       Pizza             |       |     1 ||     1
       Beef jerky        |       |     1 ||     1
